 Dungeon Crawl Stone Soup version 0.23.2-40-g277498a001 (webtiles) character file.

Game seed: 4123075597161237968

133 Hylith the Shield-Bearer (level 4, 0/42 HPs)
             Began as a Deep Dwarf Fighter on Sept 10, 2019.
             Killed by divine providence
             ... invoked by an orc priest
              (8 damage)
             ... on level 3 of the Dungeon.
             The game lasted 00:06:19 (2354 turns).

Hylith the Shield-Bearer (Deep Dwarf Fighter)       Turns: 2354, Time: 00:06:20

Health: 0/42       AC:  7    Str: 20    XL:     4   Next: 94%
Magic:  3/3        EV:  7    Int:  9    God:
Gold:   142        SH:  9    Dex: 12    Spells: 3/3 levels left

rFire    . . .     SeeInvis .   a - +0 war axe
rCold    . . .     Gourm    .   c - +0 shield
rNeg     . . .     Faith    +   b - +0 scale mail
rPois    .         Spirit   .   (no helmet)
rElec    .         Reflect  .   (no cloak)
rCorr    .         Harm     .   (no gloves)
MR       .....                  (no boots)
Stlth    ..........             m - amulet of faith
HPRegen  0.00/turn              (no ring)
MPRegen  0.08/turn              (no ring)

@: non-regenerating
A: damage resistance, heal wounds, sense surroundings 1, no regeneration
a: Heal Wounds


You were on level 3 of the Dungeon.
You were not hungry.

You visited 1 branch of the dungeon, and saw 3 of its levels.

You collected 142 gold pieces.

Inventory:

Hand Weapons
 a - a +0 war axe (weapon)
Missiles
 e - 108 stones (quivered)
Armour
 b - a +0 scale mail (worn)
 c - a +0 shield (worn)
Jewellery
 m - an amulet of faith (around neck)
Scrolls
 i - a scroll of fog {unknown}
 k - 5 scrolls of teleportation {unknown}
 l - a scroll of enchant armour {unknown}
 o - 3 scrolls of remove curse {unknown}
 p - a scroll of enchant weapon {unknown}
 q - 3 scrolls of fear {unknown}
Potions
 d - a potion of might
 g - 4 potions of curing {unknown}
 h - a potion of resistance {unknown}
 n - a potion of lignification {unknown}
Comestibles
 f - 7 rations
 j - 8 chunks of flesh


   Skills:
 + Level 3.3 Fighting
 + Level 3.6 Axes
 - Level 0.3 Throwing
 + Level 4.0 Armour
 - Level 0.5 Stealth
 + Level 4.1 Shields


You had 3 spell levels left.
You didn't know any spells.
Your spell library was empty.

Dungeon Overview and Level Annotations

Branches:
Dungeon (3/15)

Altars:


Innate Abilities, Weirdness & Mutations

You are resistant to damage.
You can heal yourself by infusing magical energy.
You passively map a small area around you.
You do not regenerate.


Message History

You slash the hobgoblin!
You kill the hobgoblin!
Your Armour skill increases to level 4!
The bat hits you but does no damage. x2
The orc priest hits you from afar with a +0 trident.
The bat hits you but does no damage. The orc priest barely misses you.
You see here a +0 club.
You closely miss the orc priest. You barely miss the bat.
You block the bat's attack. The bat hits you but does no damage.
The orc priest hits you but does no damage.
You hit the orc priest.
The orc priest is lightly wounded.
You barely miss the bat. The bat hits you but does no damage.
The orc priest mumbles some strange prayers to Beogh against you.
Beogh smites you!
* * * LOW HITPOINT WARNING * * *
You closely miss the orc priest. You block the bat's attack.
The orc priest calls down the wrath of Beogh upon you.
Beogh smites you!
You die...

###### #....###### ###
#.........# #.. * #.........# #.#
** ##### ##.........####.#
...##### #!..###..........##....
#..#... ..#.#.).ob#.##........#..
#.....###.....##@.#)##...÷.......
.....................#..........^
#<....###(..#.##..#..........#..)
............#.##......##..##....)
...o..!......>................÷..
..#..o......#.#######.###........
...<.≈≈≈... #.# #..####.#.###
.≈≈≈≈≈≈≈≈≈. * #.# # #.#
###≈≈≈≈≈≈≈≈ , .# #.#.###


You could see an orc priest and a bat.

Vanquished Creatures
  An orc wizard (D:2)
  4 adders
  A dart slug (D:2)
  3 leopard geckos
  An orc (D:3)
  4 bats
  2 giant cockroaches
  12 goblins
  11 hobgoblins
  2 jackals (D:2)
  2 quokkas (D:2)
  A frilled lizard (D:1)
  11 kobolds
  5 rats
60 creatures vanquished.

Notes
Turn   | Place    | Note
-------+----------+-------------------------------------------
     0 | D:1      | Hylith the Deep Dwarf Fighter began the quest for the Orb.
     0 | D:1      | Reached XP level 1. HP: 20/20 MP: 1/1
   266 | D:1      | Reached XP level 2. HP: 24/27 MP: 2/2
   979 | D:2      | Reached XP level 3. HP: 24/33 MP: 3/3
  1471 | D:2      | Reached XP level 4. HP: 25/42 MP: 4/4
  2354 | D:3      | Killed from afar by an orc priest

Skill      XL: |  1  2  3  4 |
---------------+-------------+-----
Axes           | 3 |  3.6
Fighting       | 3 |  3.3
Shields        | 4 |  4.1
Armour         | 4 |  4.0
Throwing       | |  0.3
Stealth        | |  0.5

Action                   |  1- 3 |  4- 6 || total
-------------------------+-------+-------++-------
Melee: War axe           |   126 |    66 ||   192
Throw: Stone             |     8 |       ||     8
 Abil: Heal Wounds       |       |     1 ||     1
  Eat: Chunk             |     2 |     3 ||     5
Armor: Scale mail        |    40 |    45 ||    85
Dodge: Dodged            |    39 |    21 ||    60
Block: Shield            |    53 |    43 ||    96
